 Dungeon Crawl Stone Soup version 0.23.1 (webtiles) character file.

Game seed: 0

37 Descartes the Grasshopper (level 3, 0/18 HPs)
             Began as a Vine Stalker Warper on Mar 7, 2019.
             Slain by an adder (1 damage)
             ... on level 2 of the Dungeon.
             The game lasted 00:02:59 (1248 turns).

Descartes the Grasshopper (Vine Stalker Warper)     Turns: 1248, Time: 00:02:59

Health: 0/18       AC:  5    Str: 13    XL:     3   Next: 39%
Magic:  0/7        EV: 12    Int: 14    God:
Gold:   7          SH:  0    Dex: 13    Spells: 5/7 levels left

rFire    . . .     SeeInvis .     - Unarmed
rCold    . . .     Gourm    .   (no shield)
rNeg     . . .     Faith    .   a - +0 leather armour
rPois    .         Spirit   +   (no helmet)
rElec    .         Reflect  .   h - +1 cloak
rCorr    .         Harm     .   (no gloves)
MR       .....                  (no boots)
Stlth    ++........             (no amulet)
HPRegen  0.06/turn              (no ring)
MPRegen  0.10/turn              (no ring)

@: lethally poisoned (0 -> -8)
A: fangs 2, magic shield, antimagic bite, no potion heal 3, rot immunity
a: no special abilities


You were on level 2 of the Dungeon.
You were not hungry.

You visited 1 branch of the dungeon, and saw 2 of its levels.

You collected 7 gold pieces.

Inventory:

Missiles
 b - 76 stones
 d - 5 tomahawks of dispersal (quivered)
 i - 21 poisoned needles
Armour
 a - a +0 leather armour (worn)
 h - a +1 cloak (worn)
Scrolls
 c - a scroll of blinking
 k - a scroll of remove curse
Potions
 j - a potion of lignification {unknown}
Comestibles
 f - a ration
 g - 3 chunks of flesh


   Skills:
 + Level 2.0 Fighting
 - Level 0.8 Throwing
 - Level 0.7 Armour
 + Level 1.8 Dodging
 * Level 1.6 Stealth
 * Level 2.6 Unarmed Combat
 * Level 2.5 Spellcasting
 * Level 3.1 Translocations


You had 5 spell levels left.
You knew the following spells:

 Your Spells              Type           Power        Failure   Level  Hunger
a - Blink                 Tloc           N/A          12%         2    ###....

Your spell library contained the following spells:

 Spells                   Type           Power        Failure   Level  Hunger
 Shroud of Golubria       Chrm/Tloc      #.........   22%         2    ###....
 Gell's Gravitas          Tloc           ##........   24%         3    ###....
 Lesser Beckoning         Tloc           ##........   24%         3    ###....
 Teleport Other           Tloc           ##......     24%         3    ###....
 Passage of Golubria      Tloc           N/A          63%         4    #####..


Dungeon Overview and Level Annotations

Branches:
Dungeon (2/15)

Altars:


Innate Abilities, Weirdness & Mutations

You have extremely sharp teeth.
When hurt, damage is shared between your health and your magic reserves.
Your bite disrupts and absorbs the magic of your enemies.
Potions cannot restore your health.
You are immune to rotting.


Message History

* * * LOW HITPOINT WARNING * * *
You are more poisoned.
The adder poisons you!
You miss the adder.
The adder is severely wounded.
* * * LOW HITPOINT WARNING * * *
You feel sick. The bat barely misses you. The adder completely misses you.
The adder bites you but does no damage.
* * * LOW HITPOINT WARNING * * *
You feel sick. The bat barely misses you.
* * * LOW HITPOINT WARNING * * *
You feel sick. The bat closely misses you.
* * * LOW HITPOINT WARNING * * *
You feel sick. The bat barely misses you. The adder bites you.
* * * LOW HITPOINT WARNING * * *
You barely miss the adder.
The adder is severely wounded.
The bat hits you but does no damage. The bat closely misses you.
The adder bites you.
You die...

#..... #....
....#######.
#..........
#..........
#...# #...# #
#.rS# .#
#.b@####.##
#..!.....$.
.####..[...####
...........#
#######....#
##....#
####...?.##
#..<.........
#.##.....$...


You could see an adder, a bat and a rat.

Vanquished Creatures
  A worm (D:2)
  A dart slug (D:1)
  2 leopard geckos (D:1)
  5 bats (D:1)
  5 goblins (D:1)
  A hobgoblin (D:1)
  2 jackals (D:1)
  4 kobolds (D:1)
  2 frilled lizards (D:1)
  5 rats (D:1)
28 creatures vanquished.

Notes
Turn   | Place    | Note
-------+----------+-------------------------------------------
     0 | D:1      | Descartes the Vine Stalker Warper began the quest for the
                  | Orb.
     0 | D:1      | Reached XP level 1. HP: 11/11 MP: 4/4
   287 | D:1      | Reached skill level 1 in Stealth
   296 | D:1      | Reached XP level 2. HP: 14/15 MP: 4/6
   658 | D:1      | Learned a level 2 spell: Blink
   667 | D:1      | Reached XP level 3. HP: 18/18 MP: 7/7
  1248 | D:2      | Slain by an adder

Skill      XL: |  1  2 |
---------------+-------+-----
Stealth        | 1 |  1.6
Fighting       | 2 |  2.0
Throwing       | |  0.8
Armour         | |  0.7
Dodging        | |  1.8
Unarmed Combat | |  2.6
Spellcasting   | |  2.5
Translocations | |  3.1

Action                   || total
-------------------------++-------
Melee: Unarmed           ||   102
       Bite              ||    23
       Punch             ||     1
  Use: Scroll            ||     1
 Stab: Sleeping          ||     2
  Eat: Chunk             ||     1
Armor: Leather armour    ||    36
Dodge: Dodged            ||    86
